 Dungeon Crawl Stone Soup version 0.30-a0-748-ge6a52f7cba (webtiles) character file.

Game seed: 9969781552044035372

2 Esekla the Sneak (level 1, -1/16 HPs)
             Began as an Octopode Delver on Feb 8, 2023.
             Slain by an adder (3 damage)
             ... on level 5 of the Dungeon.
             The game lasted 00:00:31 (43 turns).

Esekla the Sneak (Octopode Delver)                    Turns: 43, Time: 00:00:33

Health: -1/16      AC:  1    Str: 11    XL:     1   Next: 30%
Magic:  1/1        EV: 13    Int: 12    God:
Gold:   24         SH:  0    Dex: 13    Spells: 0/0 levels left

rFire   . . .      SeeInvis .    a - +0 falchion
rCold   . . .      Faith    .    (no shield)
rNeg    . . .      Spirit   .    (helmet restricted)
rPois   .          Reflect  .    (no amulet)
rElec   .          Harm     .    (no ring)
rCorr   .          Rampage  .    (no ring)
Will    .....                    (no ring)
Stlth   ++++                     (no ring)
HPRegen 0.22/turn                (no ring)
MPRegen 0.07/turn                (no ring)
                                 (no ring)
                                 (no ring)

@: no status effects
A: almost no armour, amphibious, 8 rings, camouflage 1, gelatinous body 1,
(nimble swimmer 1), tentacles
a: no special abilities


You were on level 5 of the Dungeon.
You visited 1 branch of the dungeon, and saw 1 of its levels.

You collected 24 gold pieces.

Inventory:

Hand Weapons
 a - a +0 falchion (weapon)
Wands
 f - a wand of digging (3)
Scrolls
 b - a scroll of fog
 d - a scroll of fear
 g - a scroll of identify {unknown}
Potions
 e - a potion of haste


   Skills:
 * Level 3.0 Fighting
 * Level 2.0 Long Blades
 * Level 2.0 Dodging
 + Level 6.6 Stealth


You couldn't memorise any spells.
You didn't know any spells.
Your spell library was empty.

Dungeon Overview and Level Annotations

Branches:
Dungeon (5/15)
 Temple: D:4-7

Altars:


Innate Abilities, Weirdness & Mutations

You cannot wear most types of armour.
You are amphibious.
You can wear up to eight rings at the same time.
Your skin changes colour to match your surroundings (Stealth+).
Your rubbery body absorbs attacks. (AC +1, EV +1)
((You are camouflaged when in or above water. (Stealth+)))
You have tentacles for arms and can constrict up to eight enemies at once.


Message History

Welcome, Esekla the Octopode Delver.
You feel drawn to the Orb of Zot, downwards into the unfathomable depths...
Press ? for a list of commands and other information.
Found 4 gold pieces.
Found a stone staircase leading down.
Found a scroll labelled ZURHEXOGEA.
You now have 4 gold pieces.
Found 20 gold pieces.
Found a scroll labelled ZINTENL JOTO.
g - a scroll labelled ZURHEXOGEA
Found a scroll labelled XEYPLI NOEGG. 2 orcs come into view.
An orc is wielding a +2 heavy hand axe.
An orc comes into view.
It is wielding a +0 dagger and wearing a +1 leather armour of willpower.
An orc comes into view. It is wielding a +0 hand axe.
Found a stone staircase leading up.
You see here 20 gold pieces.
You now have 24 gold pieces (gained 20).
The orc shouts!
You hear a bark! x2
Found a stone staircase leading down.
An adder comes into view.
A hound comes into view.
Found a viscous pink potion.
Found a stone staircase leading up.
As you read the scroll of magic mapping, it crumbles to dust.
You feel aware of your surroundings.
You barely miss the orc. Your grab misses the orc. The orc closely misses you.
You hit the orc. You grab the orc. You squeeze the orc, but do no damage.
The orc is severely wounded.
You constrict the orc. You barely miss the orc.
The orc is severely wounded.
You constrict the orc.
The orc hits you with a +2 heavy hand axe!
Ouch! That really hurt!
* * * LOW HITPOINT WARNING * * *
You hit the orc.
You kill the orc!
You hit the adder. You grab the adder. You squeeze the adder.
The adder is lightly wounded.
You constrict the adder. The adder completely misses you. The adder bites you.
You die...

,,,,,,,,,,,,,,,,,,,,,,,,,,,**,,,*
,,,,,,,*,,...*...,*......,,**,,,,
,,,,,,,**##..##.###......,,**,***
,,,,,,,,.#...#...#........,,,,***
*,*,,,,,...............#.#**,..#,
*,*,,,,,..............##.##**..#,
,,,,,,,,....>.......###...###..#,
******,,............##.....#..##.
*******,.......S@).............#.
,*,,,,*,!....######..............
,*,,,,*,<..,******##.............
+*,,,,*,h,,,*,,,,,,##............
,,,,,,,,,,,,*,,,,,,*#............
,,,,,,,,,,,,,,,,,,,*#.o##........
,,,,,,,,,,,,*,,,,,,*#............
+*,,,,*,*,,,*,,,,,,##.##.....#...
,*,,,,*,*,,,******##.....##..#...


You could see an adder.

Vanquished Creatures
  An orc (D:5)
1 creature vanquished.

Notes
Turn   | Place    | Note
-------+----------+-------------------------------------------
     0 | D:5      | Esekla the Octopode Delver began the quest for the Orb.
     0 | D:5      | Reached XP level 1. HP: 16/16 MP: 1/1
    35 | D:5      | Noticed a hound
    43 | D:5      | Slain by an adder

Illustrated notes

Levels and vault maps discovered:
D:5:      layout_cave_pools, serial_gnoll_camp, gnoll_camp_mini_basic,
          gnoll_camp_medium_02, gnoll_camp_mini_doghouse, gnoll_camp_huts_basic

Action                     || total
---------------------------++-------
  Melee: Falchion          ||     5
         Constrict         ||     2
         Tentacles         ||     2
    Use: Scroll            ||     1
  Dodge: Dodged            ||     2

Table legend: (Time is in decaauts)
 A = Elapsed time spent in this place.
 B = Non-inter-level travel time spent in this place.
 C = Inter-level travel time spent in this place.
 D = Time resting spent in this place.
 E = Time spent auto-exploring this place.
 F = Levels seen in this place.
 G = Mean time per level.
                   A        B        C        D        E       F      G
               +--------+--------+--------+--------+--------+-----+--------+
         Total |     43 |     43 |      0 |      0 |      0 |   1 |   43.0 |
       Dungeon |     43 |     43 |      0 |      0 |      0 |   1 |   43.0 |
               +--------+--------+--------+--------+--------+-----+--------+

Top non-repeatable levels by time:
     D:5: 43 daAuts
